 Dungeon Crawl Stone Soup version 0.31-a0-596-g831eee08f1 (webtiles) character file.

Game seed: 7901259653838455969

110 rjrrt the Chopper (level 4, 0/58 HPs)
             Began as a Minotaur Berserker on Aug 20, 2023.
             Was a Believer of Trog.
             Slain by a sky beast (5 damage)
             ... on level 3 of the Dungeon.
             The game lasted 00:04:12 (1929 turns).

rjrrt the Chopper (Minotaur Berserker)              Turns: 1929, Time: 00:04:12

Health: 0/58       AC: 11    Str: 24    XL:     4   Next: 61%
Magic:  3/3        EV:  7    Int:  4    God:    Trog [**....]
Gold:   82         SH:  0    Dex:  9    Spells: 3/3 levels left

rFire   . . .        a - +0 hand axe
rCold   . . .        (no shield)
rNeg    . . .        f - +0 plate armour
rPois   .            (helmet restricted)
rElec   .            (no cloak)
rCorr   .            (no gloves)
SInv    .            (no boots)
Will    .....        (no amulet) Stlth
                     (no ring)
HPRegen 0.29/turn    (no ring)
MPRegen 0.08/turn

%: no passive effects
@: berserking, very quick
A: horns 2, retaliatory headbutt
a: Renounce Religion, Berserk, Trog's Hand


You were on level 3 of the Dungeon.
You worshipped Trog.
Trog was pleased with you.
You visited 1 branch of the dungeon, and saw 3 of its levels.

You collected 82 gold pieces.

Inventory:

Hand Weapons
 a - a +0 hand axe (weapon)
 g - a +0 spear
Missiles
 p - 6 boomerangs (quivered)
Armour
 f - a +0 plate armour (worn)
Scrolls
 b - 4 scrolls of revelation {unknown}
 c - a scroll of noise {unknown}
 d - a scroll of vulnerability {unknown}
 h - a scroll of blinking {unknown}
 j - 2 scrolls of identify {unknown}
 k - a scroll of teleportation {unknown}
 l - a scroll of summoning {unknown}
 m - a scroll of enchant armour {unknown}
 n - 3 scrolls of poison {unknown}
Potions
 e - 4 potions of curing {unknown}
 i - a potion of invisibility {unknown}
 o - a potion of degeneration {unknown}


   Skills:
 - Level 3.6 Fighting
 + Level 6.6 Axes
 - Level 2.4 Armour
 - Level 2.1 Dodging


You had 3 spell levels left.
You didn't know any spells.
Your spell library was empty.

Dungeon Overview and Level Annotations

Branches:
Dungeon (3/15)

Altars:
Zin


Innate Abilities, Weirdness & Mutations

You have a pair of horns on your head.
You reflexively headbutt those who attack you in melee.


Message History

There is a stone staircase leading down here.
A sky beast comes into view.
The sky beast flickers out of sight!
Deactivating autopickup; reactivate with Ctrl-A.
Something hits you. Something shocks you.
You hit something.
A sky beast appears from thin air!
Reactivating autopickup.
The sky beast barely misses you.
You miss the sky beast.
The sky beast is moderately wounded.
The sky beast hits you. The sky beast shocks you.
You hit the sky beast.
The sky beast is heavily wounded.
The sky beast hits you but does no damage.
You barely miss the sky beast. Your headbutt misses the sky beast.
The sky beast is heavily wounded.
The sky beast hits you. The sky beast shocks you.
You hit the sky beast but do no damage.
The sky beast is heavily wounded.
The sky beast closely misses you. You furiously retaliate!
You headbutt the sky beast. You hit the sky beast. You headbutt the sky beast.
The sky beast is almost dead.
The sky beast flickers out of sight!
Deactivating autopickup; reactivate with Ctrl-A.
Something hits you but does no damage.
You closely miss something. Something hits you. Something shocks you.
* * * LOW HITPOINT WARNING * * *
You miss something. Something hits you but does no damage.
You miss something. Something hits you but does no damage.
A red film seems to cover your vision as you go berserk!
You feel yourself moving faster!
You feel mighty! Something hits you.
* * * LOW HITPOINT WARNING * * *
Something shocks you.
* * * LOW HITPOINT WARNING * * *
You completely miss something. Your headbutt misses something.
Something hits you.
* * * LOW HITPOINT WARNING * * *
Something shocks you.
You die...

#.#.........
#.#.........
#>#.........
#.##.......#
#.##.......#
#......>####
####.##.#
######.##.#
........@{.#
#######.####
#.# ..# ####


There were no monsters in sight!

Vanquished Creatures
  4 gnolls (D:2)
  3 adders (D:2)
  2 worms
  2 dart slugs (D:1)
  2 bats
  3 endoplasms (D:2)
  A goblin (D:2)
  5 hobgoblins
  2 jackals (D:1)
  2 quokkas
  4 ball pythons
  3 frilled lizards
  2 kobolds (D:2)
  2 rats
37 creatures vanquished.

Notes
Turn   | Place    | Note
-------+----------+-------------------------------------------
     0 | D:1      | rjrrt the Minotaur Berserker began the quest for the Orb.
     0 | D:1      | Reached XP level 1. HP: 19/19 MP: 0/0
   270 | D:1      | Reached skill level 4 in Axes
   436 | D:1      | Reached XP level 2. HP: 25/26 MP: 1/1
   995 | D:2      | Reached skill level 5 in Axes
  1087 | D:2      | Reached XP level 3. HP: 28/31 MP: 2/2
  1188 | D:2      | Reached skill level 6 in Axes
  1188 | D:2      | Reached XP level 4. HP: 32/39 MP: 3/3
  1393 | D:2      | Found a glowing silver altar of Zin.
  1407 | D:2      | Reached ** piety under Trog
  1917 | D:3      | Noticed a sky beast
  1929 | D:3      | Slain by a sky beast

Illustrated notes

Levels and vault maps discovered:
D:1:      roderic_lyre, layout_loops_ring, serial_aquarium,
          aquarium_bridge_straight [aquarium_subvault_bridge,
          aquarium_subvault_balcony, aquarium_subvault_bridge,
          aquarium_subvault_wall], aquarium_window_2, aquarium_window_1,
          aquarium_view_4, aquarium_pool_2, palyth_stone_intersect
D:2:      layout_basic, basic_altar
D:3:      layout_loops_cross, mainiacjoe_overflow_small_starburst

Skill      XL: |  1  2  3 |
---------------+----------+-----
Axes           | 4 5 6 |  6.6
Fighting       | |  3.6
Armour         | |  2.4
Dodging        | |  2.1

Action                     |  1- 3 |  4- 6 || total
---------------------------+-------+-------++-------
  Melee: Hand axe          |    54 |    37 ||    91
         Headbutt          |     6 |     6 ||    12
 Invoke: Berserk           |     1 |     1 ||     2
 Armour: Animal skin       |     2 |       ||     2
         Plate armour      |    23 |    16 ||    39
  Dodge: Dodged            |    23 |    12 ||    35

Table legend: (Time is in decaauts)
 A = Elapsed time spent in this place.
 B = Non-inter-level travel time spent in this place.
 C = Inter-level travel time spent in this place.
 D = Time resting spent in this place.
 E = Time spent auto-exploring this place.
 F = Levels seen in this place.
 G = Mean time per level.
                   A        B        C        D        E       F      G
               +--------+--------+--------+--------+--------+-----+--------+
         Total |   1937 |   1883 |     54 |     33 |   1555 |   3 |  645.7 |
       Dungeon |   1937 |   1883 |     54 |     33 |   1555 |   3 |  645.7 |
               +--------+--------+--------+--------+--------+-----+--------+

Top non-repeatable levels by time:
     D:1: 956 daAuts
     D:2: 941 daAuts
     D:3: 39 daAuts
